Map: Dusk Towers

Players

Miszu - Winner!

  • Race: Terran Terran
  • League: Master

Tutadiugenes

  • Race: Zerg Zerg
  • League: Master

VOD

Have the link to the VOD?

Description

Time

  • Played on: April 22, 2016, 2:08 p.m.
  • Length: 10:32
Show
View Real Time Build Order
Export as new Build Order

Miszu Terran - Winner!

Build Orders: MMM Bio 

Get SALT Encoding   

  12  0:01  SCV  
  13  0:13  SCV  
  14  0:18  Supply Depot  
  14  0:25  SCV  
  15  0:39  SCV  
  16  0:43  Barracks  
  16  0:52  SCV  
  17  1:04  SCV  
  18  1:13  Command Center  
  18  1:17  SCV  
  19  1:30  Marine, Orbital Command  
  20  1:37  Supply Depot  
  20  1:48  Marine  
  20  1:51  Barracks  
  21  1:56  SCV  
  22  2:03  Barracks  
  22  2:09  SCV  
  23  2:15  Refinery  
  23  2:16  Refinery, Marine  
  23  2:21  SCV  
  25  2:27  Orbital Command  
  25  2:33  SCV  
  26  2:39  Marine  
  26  2:40  Marine  
  28  2:45  SCV  
  28  2:50  Barracks Tech Lab  
  29  2:53  SCV  
  29  2:57  Marine, SCV  
  29  2:58  Marine  
  33  3:05  SCV  
  34  3:09  SCV  
  34  3:10  Marine  
  34  3:12  Stimpack  
  36  3:15  Marine x2  
  36  3:17  SCV  
  39  3:24  SCV  
  40  3:29  Factory, Marine, SCV  
  40  3:33  Marine x2  
  44  3:36  SCV  
  45  3:41  SCV  
  45  3:42  Refinery  
  46  3:48  Engineering Bay  
  46  3:59  Barracks Reactor, Barracks Tech Lab  
  46  4:08  Marine, SCV x2  
  49  4:11  Supply Depot x2  
  49  4:13  Starport, Factory Reactor  
  49  4:17  Terran Infantry Weapons Level 1  
  49  4:20  Marauder, SCV x2  
  53  4:32  Marauder, SCV x2  
  57  4:41  Barracks x2  
  57  4:42  Marauder  
  57  4:44  SCV x2  
  57  4:45  Combat Shields  
  61  4:50  Supply Depot  
  61  4:55  Marauder  
  61  4:57  SCV  
  65  5:02  SCV  
  65  5:08  Medivac x2  
  65  5:12  Marauder  
  65  5:13  SCV  
  72  5:15  Factory Reactor  
  72  5:20  SCV  
  73  5:24  Refinery  
  73  5:25  Supply Depot x2, SCV  
  74  5:30  Barracks Tech Lab, Marauder  
  74  5:31  Barracks Reactor  
  74  5:32  SCV  
  74  5:34  Concussive Shells  
  77  5:37  SCV  
  78  5:46  SCV  
  78  5:47  Command Center  
  78  5:49  SCV  
  80  5:51  Marine x2, Marauder  
  80  5:54  Marauder  
  86  5:58  Medivac  
  86  5:59  Medivac  
  90  6:07  Marine x2, Marauder  
  90  6:09  Marine  
  94  6:15  Marine  
  94  6:16  Marine  
  91  6:19  Command Center  
  91  6:26  Marine, Marauder  
  94  6:44  Supply Depot, Medivac x2, Marauder  
  94  6:45  Supply Depot  
  100  6:51  Marauder  
  100  6:52  Marauder  
  104  6:57  Marine x2  
  104  6:58  Marine x2  
  108  7:06  Marauder  
  110  7:13  Marine  
  110  7:14  Medivac, Marauder  
  110  7:15  Marine  
  115  7:17  Terran Infantry Armor Level 1  
  116  7:32  Marauder  
  116  7:36  Marauder  
  120  7:45  Marine x5  
  120  7:46  Orbital Command  
  120  7:47  Medivac x2, Factory Tech Lab  
  129  7:52  Engineering Bay, Armory  
  129  7:53  Supply Depot, Marine, SCV  
  129  7:54  SCV  
  129  7:55  Supply Depot  
  129  7:57  Marine  
  133  8:04  Marauder  
  135  8:06  Marine, Siege Tank, SCV x2  
  140  8:15  Marauder  
  140  8:18  SCV  
  140  8:19  SCV  
  144  8:20  Marine x2, Marauder, Orbital Command  
  144  8:21  Medivac x2  
  152  8:28  Supply Depot x2  
  152  8:30  SCV  
  152  8:32  SCV  
  154  8:38  Siege Tank  
  157  8:50  Medivac, SCV x2  
  157  8:53  Marine, Marauder  
  164  8:55  Medivac  
  164  9:02  SCV  
  165  9:07  Marine, Marauder  
  165  9:08  Marauder  
  170  9:10  Siege Tank  
  173  9:21  Supply Depot x2  
  173  9:22  Supply Depot  
  173  9:23  Supply Depot  
  173  9:24  Refinery x2  
  173  9:26  Supply Depot  
  173  9:30  Marine x4, Marauder  
  179  9:33  Barracks  
  179  9:34  Barracks  
  179  9:36  SCV x2  
  181  9:45  Marine  
  181  9:46  Marauder  
  181  9:48  SCV  
  181  9:49  SCV  
  181  9:52  Marauder  
  188  10:00  SCV  
  189  10:07  Marine  
  189  10:08  Marauder  
  189  10:13  Marine  
  189  10:14  Marine x3  
Show
View Real Time Build Order
Export as new Build Order

Tutadiugenes Zerg 

Build Orders: Hatch First 

Get SALT Encoding   

  12  0:01  Drone  
  13  0:12  Overlord  
  13  0:17  Drone  
  14  0:30  Drone x2  
  14  0:35  Drone  
  17  0:51  Hatchery  
  17  0:54  Drone  
  17  1:07  Spawning Pool  
  17  1:10  Drone  
  17  1:14  Extractor  
  17  1:15  Drone  
  17  1:19  Drone  
  18  1:28  Drone  
  19  1:40  Overlord  
  19  1:53  Queen  
  21  1:54  Zergling x2  
  21  2:00  Zergling x2  
  23  2:02  Queen  
  23  2:03  Zergling x2  
  26  2:13  Metabolic Boost  
  26  2:16  Drone x2  
  26  2:21  Drone  
  29  2:25  Drone  
  29  2:29  Queen  
  32  2:36  Overlord  
  32  2:37  Drone  
  33  2:45  Drone  
  33  2:49  Drone  
  33  2:50  Pneumatized Carapace  
  35  2:56  Drone  
  36  3:05  Hatchery  
  36  3:11  Drone x2  
  36  3:12  Drone  
  38  3:17  Overlord  
  38  3:19  Drone  
  39  3:22  Drone  
  39  3:25  Drone  
  41  3:29  Drone x2  
  41  3:32  Drone  
  44  3:38  Drone x2  
  46  3:45  Roach Warren  
  45  3:52  Overlord  
  45  3:55  Zergling x6  
  47  3:56  Extractor, Zergling x4  
  49  4:05  Overlord  
  49  4:08  Drone  
  50  4:15  Overlord  
  50  4:18  Queen  
  50  4:22  Overlord  
  52  4:27  Roach x2  
  52  4:28  Roach x4  
  52  4:29  Drone  
  65  4:32  Drone x2  
  65  4:36  Drone  
  68  4:39  Drone  
  68  4:41  Drone  
  70  4:49  Roach  
  70  4:52  Overlord  
  72  4:53  Zergling x2  
  72  4:55  Lair  
  73  5:00  Overlord  
  73  5:03  Roach x2  
  73  5:04  Roach x2  
  81  5:08  Overlord  
  81  5:20  Overlord  
  81  5:25  Roach x3  
  81  5:26  Roach  
  89  5:30  Roach x4  
  89  5:31  Roach  
  89  5:35  Overlord  
  99  5:36  Zergling x6  
  102  5:46  Roach x2  
  102  5:47  Roach x2, Spore Crawler  
  109  5:56  Overlord  
  111  5:57  Roach x2  
  111  6:03  Overlord  
  113  6:06  Overlord  
  113  6:08  Roach x2  
  110  6:24  Spore Crawler  
  104  6:28  Spore Crawler  
  103  6:33  Overlord  
  103  6:35  Drone x7  
  103  6:36  Drone x7  
  117  6:40  Extractor  
  117  6:41  Extractor  
  115  6:53  Overlord  
  115  6:56  Drone x2  
  115  6:58  Overlord  
  117  7:11  Roach x3  
  117  7:12  Roach  
  125  7:17  Roach x4  
  125  7:20  Overlord  
  133  7:23  Zergling x6  
  132  7:33  Overlord  
  125  7:40  Overlord  
  125  7:43  Drone x4  
  129  7:49  Overlord  
  129  7:53  Overlord  
  129  7:54  Roach  
  129  7:55  Roach x3  
  129  7:56  Ravager x4  
  141  8:02  Roach x2  
  141  8:03  Roach x2  
  149  8:07  Ravager x2  
  151  8:25  Extractor, Drone x4  
  154  8:27  Drone x2  
  154  8:30  Roach x6  
  154  8:31  Ravager  
  169  8:39  Evolution Chamber x2  
  169  8:40  Extractor  
  166  8:45  Drone  
  166  8:48  Drone  
  168  8:50  Hatchery  
  167  8:57  Overseer  
  167  9:00  Roach x2  
  171  9:07  Spore Crawler  
  170  9:12  Glial Reconstitution  
  170  9:16  Ravager x2  
  172  9:28  Drone x4  
  172  9:30  Overlord  
  176  9:31  Roach x2  
  176  9:32  Roach x8  
  196  9:41  Ravager x2  
  196  9:45  Zergling x2, Ravager  
Tags
 
Composition
MMM Bio
Matchup
TvZ
Add a new tag
Caveats
  • Supply blocks, unpowered buildings, or Contaminate may cause inaccurate times.
  • Supply counts are checked every 10 seconds.